 Dungeon Crawl Stone Soup version 0.17.1-1-g73c8601 (webtiles) character file.

331 JustSomeDude the Insei (level 6, -1/58 HPs)
             Began as a Naga Monk on Jan 2, 2016.
             Slain by a phantom (6 damage)
             ... on level 4 of the Dungeon.
             The game lasted 00:11:50 (4619 turns).

JustSomeDude the Insei (Naga Monk)                  Turns: 4619, Time: 00:11:50

Health: -1/58      AC:  6    Str: 12 (14) XL:     6   Next: 51%
Magic:  5/6        EV:  3    Int: 16      God:
Gold:   239        SH: 10    Dex: 14      Spells: 0 memorised, 5 levels left

rFire  . . .     SeeInvis +       - Unarmed
rCold  . . .     Clarity  +     v - +0 scale mail
rNeg   . . .     SustAt   .     o - +0 large shield
rPois  +         Gourm    .     c - +0 helmet
rElec  .         Spirit   .     (no cloak)
rCorr  .         Warding  .     (no gloves)
rMut   .         Stasis   .     (no barding)
MR     .....                    (no amulet)
Stlth  ++........               k - ring of invisibility
                                (no ring)

@: brilliant, very slightly contaminated, invisible (expiring), very slow, not
resistant to hostile enchantments, unstealthy
A: see invisible, berserk 1, clarity, deformed body, poison resistance, slowness
2, slow metabolism 1, spit poison 2, subdued magic 1, AC +2
a: Spit Poison, Turn Visible


You were on level 4 of the Dungeon.
You were not hungry.

You visited 1 branch of the dungeon, and saw 4 of its levels.

You collected 239 gold pieces.

Inventory:

Missiles
 p - 136 stones
 q - a tomahawk (quivered)
 r - 3 silver javelins
Armour
 c - a +0 helmet (worn)
 o - a +0 large shield (worn)
 v - a +0 scale mail (worn)
Jewellery
 k - a ring of invisibility (right hand)
Wands
 e - a wand of teleportation (5)
 n - a wand of cold (7)
Scrolls
 a - a scroll of random uselessness {unknown}
 d - 5 scrolls of identify {unknown}
 g - a scroll of fog {unknown}
 j - a scroll of remove curse
 l - a scroll of recharging
Potions
 t - a potion of brilliance
Comestibles
 b - 3 bread rations
 h - a slice of pizza
 i - 2 fruits


   Skills:
 + Level 4.4 Fighting
 + Level 4.1 Dodging
 + Level 4.5 Stealth
 + Level 0.1 Shields
 + Level 4.9 Unarmed Combat


You had 5 spell levels left.
You didn't know any spells.

Dungeon Overview and Level Annotations

Branches:
Dungeon (4/15)
 Temple: D:4-7

Altars:
Gozag
Zin


Innate Abilities, Weirdness & Mutations

You cannot wear boots.
Your serpentine skin is tough (AC +2).
You have supernaturally acute eyesight.
Armour fits poorly on your strangely shaped body.
Your system is resistant to poisons.
You cover ground very slowly.
You have a slow metabolism.
You can spit poison.
You tend to lose your temper in combat.
You possess an exceptional clarity of mind.
Your spells are a little easier to cast, but a little less powerful.


Message History

Your shield and scale mail prevent you from hitting the phantom.
The phantom is severely damaged.
You flicker for a moment.
The phantom hits you but does no damage.
You closely miss the phantom.
The phantom is severely damaged.
The phantom blinks!
Throwing (i - inventory. (,) - cycle):
q - 3 tomahawks (quivered)
Press: ? - help, Shift-Dir - straight line, f/p - phantom
Aim: a phantom (severely damaged)
You throw a tomahawk.
The tomahawk hits the phantom but does no damage.
The phantom is severely damaged.
Throwing (i - inventory. (,) - cycle):
q - 2 tomahawks (quivered)
Press: ? - help, Shift-Dir - straight line, f/p - phantom
Aim: a phantom (translocational energy, severely damaged)
You throw a tomahawk. The tomahawk hits the phantom.
The phantom is almost destroyed.
The phantom hits you.
You die...

.# ######.....)# .#
#.###.## .## #.#
#(# ..######## #.#
#.# .........# #.#
#(# ..######.# #.#
#(# ### #.# #.# #(#
#.# #W# #.# #@# #.#
#.# ########.# #.#
#........# #.#
#.######## #.# #.#
########. #.#
#.###........ #.#
......##########.#
.รท...............#


You could see a phantom.

Vanquished Creatures
  A sky beast (D:3)
  A hound (D:4)
  A worker ant (D:4)
  Robin (D:2)
  8 adders
  An ooze (D:2)
  4 worms
  4 orcs
  6 bats (D:3)
  7 giant cockroaches
  16 goblins
  16 hobgoblins
  4 kobolds
  A quokka (D:4)
  A giant gecko (D:4)
  A giant gecko skeleton (D:4)
  7 giant newts
  3 jackals (D:3)
  9 rats
92 creatures vanquished.

Notes
Turn   | Place    | Note
--------------------------------------------------------------
     0 | D:1      | JustSomeDude the Naga Monk began the quest for the Orb.
     0 | D:1      | Reached XP level 1. HP: 21/21 MP: 1/1
   118 | D:1      | Reached XP level 2. HP: 28/28 MP: 2/2
   603 | D:1      | Reached XP level 3. HP: 20/34 MP: 3/3
  1897 | D:2      | Reached XP level 4. HP: 27/42 MP: 4/4
  2174 | D:2      | Noticed Robin
  2177 | D:2      | Gained mutation: You possess an exceptional clarity of mind. [potion of mutation]
  2177 | D:2      | Gained mutation: Your spells are a little easier to cast, but a little less powerful. [potion of mutation]
  2177 | D:2      | Gained mutation: You tend to lose your temper in combat. [potion of mutation]
  2229 | D:2      | Killed Robin
  2704 | D:3      | Reached XP level 5. HP: 34/50 MP: 5/5
  3294 | D:3      | Noticed a sky beast
  3331 | D:3      | Killed a sky beast
  3331 | D:3      | Reached XP level 6. HP: 17/57 MP: 6/6
  3930 | D:4      | Found an opulent altar of Gozag.
  3930 | D:4      | Found a glowing silver altar of Zin.
  4619 | D:4      | Slain by a phantom

Action                   |  1- 3 |  4- 6 || total
-------------------------+-------+-------++-------
Melee: Unarmed           |   141 |   272 ||   413
Throw: Tomahawk          |       |     8 ||     8
 Abil: Spit Poison       |       |     1 ||     1
       Evoke Invisibilit |       |     1 ||     1
  Use: Potion            |       |     8 ||     8
       Scroll            |       |     4 ||     4
 Stab: Sleeping          |     5 |     6 ||    11
       Distracted        |       |     1 ||     1
  Eat: Chunk             |     1 |     4 ||     5
       Meat ration       |       |     1 ||     1
